 Dungeon Crawl Stone Soup version 0.28-a0-1613-gdaab1c2f9b (webtiles) character file.

Game seed: 16674831546699281846

40 testman the Magician (level 3, 0/27 HPs)
             Began as a Djinni Hedge Wizard on Jan 21, 2022.
             Slain by an adder (2 damage)
             ... on level 2 of the Dungeon.
             The game lasted 00:07:28 (1491 turns).

testman the Magician (Djinni Hedge Wizard)          Turns: 1491, Time: 00:07:29

Health: 0/27       AC:  2    Str:  9    XL:     3   Next: 72%
Gold:   84         EV: 11    Int: 17    God:
                   SH:  3    Dex: 12

rFire   + + .      SeeInvis .   a - +0 dagger
rCold   x . .      Faith    .   g - +0 buckler
rNeg    . . .      Spirit   .   b - +0 robe
rPois   ∞          Reflect  .   c - +0 hat
rElec   .          Harm     .   (no cloak)
rCorr   .          Rampage  .   (no gloves)
Will    .....                   (boots unavailable)
Stlth   ++........              (no amulet)
HPRegen 0.09/turn               (no ring)
MPRegen 0.00/turn               (no ring)

@: flying
A: sickness immunity, fire resistance 2, cold vulnerability 1, float, innate
caster, hp casting, extra vitality 1
a: no special abilities


You were on level 2 of the Dungeon.
You visited 1 branch of the dungeon, and saw 2 of its levels.

You collected 84 gold pieces.

Inventory:

Hand Weapons
 a - a +0 dagger (weapon)
Missiles
 j - 25 stones
Armour
 b - a +0 robe (worn)
 c - a +0 hat (worn)
 g - a +0 buckler (worn)
Jewellery
 l - a +6 ring of dexterity
Scrolls
 f - a scroll of blinking {unknown}
 h - a scroll of enchant armour {unknown}
 k - a scroll of teleportation {unknown}
Potions
 d - a potion of curing {unknown}
 e - a potion of magic {unknown}
 i - a potion of degeneration {unknown}


   Skills:
 + Level 1.3 Fighting
 - Level 2.1 Dodging
 - Level 1.5 Stealth
 + Level 3.2 Spellcasting


You couldn't memorise any spells.
You knew the following spells:

 Your Spells              Type           Power      Damage    Failure   Level
a - Magic Dart            Conj           52%        1d5       6%          1
b - Blink                 Tloc           26%        N/A       10%         2
c - Call Imp              Summ           13%        N/A       10%         2
d - Slow                  Hex            52%        N/A       6%          1
e - Conjure Flame         Conj/Fire      13%        6-21      19%         3
f - Mephitic Cloud        Conj/Pois/Air  13%        N/A       19%         3
g - Beastly Appendage     Tmut           26%        N/A       6%          1
Your spell library was empty.

Dungeon Overview and Level Annotations

Branches:
Dungeon (2/15)

Altars:

Shops:
D:1 (


Innate Abilities, Weirdness & Mutations

You are immune to sickness and miasma.
You are immune to poison.
Your flesh is very heat resistant. (rF++)
You are vulnerable to cold. (rC-)
You float through the air rather than walking.
You learn spells naturally, not from books.
Your magical power is your life essence.
You have superior vitality. (+4 MHP)


Message History

Aim: a jackal (lightly wounded, chance to affect: 69%)
You miscast Slow.
You are very lightly contaminated with residual magic.
Nothing appears to happen.
* * * LOW HITPOINT WARNING * * *
Casting: Slow (safe; 6% risk of failure)
Confirm with . or Enter, or press ? or * to list all spells.
Aiming: Slow (safe; 6% risk of failure)
Press: ? - help, Shift-Dir - straight line, f/p - jackal
Aim: a jackal (lightly wounded, chance to affect: 69%)
The jackal seems to slow down.
* * * LOW HITPOINT WARNING * * *
The jackal bites you.
* * * LOW HITPOINT WARNING * * *
Your magical contamination has completely faded away.
Found 3 scrolls labelled NIULIA HOULE.
Press: ? - help, v - describe, . - travel The floor.
Casting: Slow (safe; 6% risk of failure)
Confirm with . or Enter, or press ? or * to list all spells.
Aiming: Slow (safe; 6% risk of failure)
Press: ? - help, Shift-Dir - straight line, f/p - jackal
Aim: a jackal (lightly wounded, chance to affect: 69%)
The jackal seems to slow down.
* * * LOW HITPOINT WARNING * * *
There is an open door here.
There is an open door here.
The jackal is no longer moving slowly.
The jackal bites you.
* * * LOW HITPOINT WARNING * * *
The jackal bites you but does no damage.
The adder barely misses you. The adder bites you.
* * * LOW HITPOINT WARNING * * *
The jackal bites you but does no damage.
The adder bites you but does no damage. The adder closely misses you.
There is a stone staircase leading up here.
The adder bites you.
You die...

#.........#
#.........########
#.........'.......
##.........########
........)..'..#
............##.#
...#####.....#.#
### #.###.#.#
#.#@#h#.# #.#S#.#.#
#.#h..#.# #.#####.#
#.# #.# #.# #.#
#.#####.# #.......#
#########


You could see an adder and a jackal.

Vanquished Creatures
  2 dart slugs (D:1)
  3 ball pythons (D:1)
  3 endoplasms
  2 giant cockroaches (D:1)
  3 goblins
  2 hobgoblins (D:1)
  2 jackals (D:2)
  3 kobolds
  2 quokkas
  A bat (D:1)
  A frilled lizard (D:1)
  8 rats
32 creatures vanquished.

Vanquished Creatures (collateral kills)
  A jackal (D:2)
1 creature vanquished.

Grand Total: 33 creatures vanquished

Notes
Turn   | Place    | Note
-------+----------+-------------------------------------------
     0 | D:1      | testman the Djinni Hedge Wizard began the quest for the
                  | Orb.
     0 | D:1      | Reached XP level 1. HP: 15/15 MP: 0/0
   168 | D:1      | Reached XP level 2. HP: 17/21 MP: 0/0
   343 | D:1      | Reached skill level 3 in Spellcasting
   382 | D:1      | Found Raesaqaz's Weapon Boutique.
   801 | D:1      | Reached XP level 3. HP: 20/26 MP: 0/0
   801 | D:1      | Learned a level 1 spell: Beastly Appendage
  1004 | D:1      | Reached skill level 1 in Fighting
  1491 | D:2      | Slain by an adder

Illustrated notes

Levels and vault maps discovered:
D:1:      eino_arrival_water_cross, layout_rooms, serial_shops,
          nicolae_shop_temple_entry_statues_fountains
D:2:      layout_basic, serial_shops, nicolae_shop_hallway_plus, serial_curves,
          eino_curves_04, eino_curves_02, eino_curves_02, eino_curves_03,
          ebering_ecumenical_altar_rust

Skill      XL: |  1  2  3 |
---------------+----------+-----
Spellcasting   | 3 |  3.2
Fighting       | 1 |  1.3
Dodging        | |  2.1
Stealth        | |  1.5

Action                   || total
-------------------------++-------
Melee: Dagger            ||    23
 Cast: Magic Dart        ||    60
       Slow              ||     3
       Mephitic Cloud    ||     2
Armor: Robe              ||     7
Dodge: Dodged            ||    17
Block: Buckler           ||     2

Table legend: (Time is in decaauts)
 A = Elapsed time spent in this place.
 B = Non-inter-level travel time spent in this place.
 C = Inter-level travel time spent in this place.
 D = Time resting spent in this place.
 E = Time spent auto-exploring this place.
 F = Levels seen in this place.
 G = Mean time per level.
                   A        B        C        D        E       F      G
               +--------+--------+--------+--------+--------+-----+--------+
         Total |   1491 |   1469 |     22 |    709 |    468 |   2 |  745.5 |
       Dungeon |   1491 |   1469 |     22 |    709 |    468 |   2 |  745.5 |
               +--------+--------+--------+--------+--------+-----+--------+

Top non-repeatable levels by time:
     D:1: 1178 daAuts
     D:2: 313 daAuts
